 Dungeon Crawl Stone Soup version 0.21.1-1-g345015fe64 (webtiles) character file.

84 Gargoyl the Skirmisher (level 4, 0/40 HPs)
             Began as a Centaur Abyssal Knight on July 16, 2018.
             Was a Follower of Lugonu.
             Slain by a gnoll
             ... wielding a +0 halberd
              (11 damage)
             ... on level 2 of the Dungeon.
             The game lasted 00:02:07 (803 turns).

Gargoyl the Skirmisher (Centaur Abyssal Knight)      Turns: 803, Time: 00:02:07

Health: 0/40       AC:  5    Str: 15    XL:     4   Next: 24%
Magic:  5/5        EV:  9    Int: 11    God:    Lugonu [*.....]
Gold:   228        SH:  0    Dex:  9    Spells: 3/3 levels left

rFire    . . .     SeeInvis .   a - +1 hand axe
rCold    . . .     Gourm    .   (no shield)
rNeg     . . .     Faith    .   b - +1 leather armour
rPois    +         Spirit   .   (no helmet)
rElec    .         Reflect  .   (no cloak)
rCorr    .         Harm     .   (no gloves)
MR       .....                  (no barding)
Stlth    +.........             (no amulet)
HPRegen  0.13/turn              j - ring of poison resistance
MPRegen  0.09/turn              (no ring)

@: flying, very quick
A: large, hooves 3, deformed body, speed 2, tough skin 3
a: Depart the Abyss, Renounce Religion


You were on level 2 of the Dungeon.
You worshipped Lugonu.
Lugonu was aware of your devotion.
You were not hungry.

You visited 1 branch of the dungeon, and saw 2 of its levels.
You visited the Abyss 1 time.

You collected 228 gold pieces.

Inventory:

Hand Weapons
 a - a +1 hand axe (weapon)
Armour
 b - a +1 leather armour (worn)
Jewellery
 j - a ring of poison resistance (left hand)
Wands
 d - a wand of disintegration (5)
Scrolls
 e - 2 scrolls of teleportation
 l - a scroll of magic mapping
Potions
 k - a potion of flight
Comestibles
 c - 2 rations


   Skills:
 + Level 4.3 Fighting
 + Level 2.2 Axes
 * Level 1.7 Armour
 + Level 1.0 Dodging
 * Level 2.3 Invocations


You had 3 spell levels left.
You didn't know any spells.

Dungeon Overview and Level Annotations

Branches:
Dungeon (2/15)

Altars:


Innate Abilities, Weirdness & Mutations

You have hooves in place of feet.
Armour fits poorly on your strangely shaped body.
You cover ground very quickly.
You have extremely tough skin. (AC +3)


Message History

An adder comes into view.
The adder hisses angrily.
The gnoll hits you with a halberd!
Okay, then.
It was a potion of flight.
You feel very buoyant.
You fly up into the air.
You barely miss the gnoll. You barely miss the adder.
The adder closely misses you. The gnoll barely misses you. The adder bites you.
Unknown command.
You barely miss the gnoll. You barely miss the adder.
The gnoll hits you with a halberd! The adder bites you but does no damage.
Unknown command.
You barely miss the gnoll. You closely miss the adder.
The adder bites you but does no damage. The gnoll hits you with a halberd!
The adder bites you.
* * * LOW HITPOINT WARNING * * *
You barely miss the gnoll. You hit the adder but do no damage.
The gnoll hits you with a halberd!
You die...

#########
*********#.......#
,,,,,,,,,,,,***#.#
,*******##,,# #S#
,,,,,,,,.#,.# #@#
********.#..# #g# ,,*
##....####g#
,,****#.....gg...#
........###.###.)#
..###...# *,* #..#
,,*..l..#**+###..######****
**#......,+_+...........,,*
,.K..#..#***###.########*,*


You could see 2 gnolls and an adder.

Vanquished Creatures
  A small abomination (Abyss:2)
  A gnoll (D:2)
  An ooze (D:1)
  A dart slug (D:1)
  3 bats (D:1)
  3 giant cockroaches (D:1)
  3 ball pythons
  A frilled lizard (D:1)
  2 goblins
  4 rats
20 creatures vanquished.

Notes
Turn   | Place    | Note
-------+----------+-------------------------------------------
     0 | Abyss:1  | Gargoyl the Centaur Abyssal Knight began the quest for the Orb.
     0 | Abyss:1  | Reached XP level 1. HP: 19/19 MP: 2/2
     3 | Abyss:1  | Found a corrupted altar of Lugonu.
    26 | Abyss:1  | Noticed an apocalypse crab
    27 | Abyss:1  | Noticed an earth elemental
    34 | Abyss:2  | Found a corrupted altar of Lugonu.
    81 | Abyss:2  | Noticed a small abomination
    83 | Abyss:2  | Killed a small abomination
    83 | Abyss:2  | Reached skill level 4 in Fighting
    83 | Abyss:2  | Reached XP level 2. HP: 27/27 MP: 3/3
    83 | Abyss:2  | Reached XP level 3. HP: 33/33 MP: 4/4
   129 | Abyss:3  | Noticed an Executioner
   130 | Abyss:3  | Noticed a large abomination
   132 | D:1      | Escaped the Abyss
   322 | D:1      | Reached * piety under Lugonu
   442 | D:1      | Reached XP level 4. HP: 36/40 MP: 5/5
   789 | D:2      | Reached skill level 1 in Dodging
   803 | D:2      | Slain by a gnoll

Skill      XL: |  1  2  3  4 |
---------------+-------------+-----
Fighting       | 4 |  4.3
Axes           | 2 |  2.2
Dodging        | 1 |  1.0
Armour         | |  1.7
Invocations    | |  2.3

Action                   |  1- 3 |  4- 6 || total
-------------------------+-------+-------++-------
Melee: Hand axe          |    38 |    14 ||    52
       Kick              |     2 |     3 ||     5
Invok: Depart the Abyss  |     1 |       ||     1
Evoke: Wand              |     5 |       ||     5
  Use: Scroll            |     1 |     7 ||     8
       Potion            |       |     1 ||     1
Armor: Leather armour    |    20 |     5 ||    25
Dodge: Dodged            |    31 |     5 ||    36
